 Dungeon Crawl Stone Soup version 0.17-a0-2064-g265a032 (webtiles) character file.

882 pk666 the Cleaver (level 7, -4/57 HPs)
             Began as a Minotaur Fighter on Oct 13, 2015.
             Was an Initiate of Okawaru.
             Slain by Crazy Yiuf
             ... wielding a +2 quarterstaff of chaos
              (20 damage)
             ... on level 4 of the Dungeon.
             The game lasted 00:08:16 (3933 turns).

pk666 the Cleaver (Minotaur Fighter)                Turns: 3933, Time: 00:08:16

Health: -4/57      AC:  8    Str: 22    XL:     7   Next: 76%
Magic:  6/6        EV:  7    Int:  5    God:    Okawaru [......]
Gold:   123        SH:  0    Dex: 10    Spells: 0 memorised, 6 levels left

rFire  . . .     SeeInvis .     a - +0 war axe
rCold  + . .     Clarity  .     b - +0 scale mail
rNeg   . . .     SustAt   .     c - +0 shield
rPois  .         Gourm    .     (helmet restricted)
rElec  .         Spirit   .     (no cloak)
rCorr  .         Warding  .     m - +0 pair of gloves
rMut   .         Stasis   .     (no boots)
MR     .....                    (no amulet)
Stlth  ..........               (no ring)
                                f - ring of protection from cold (curse)

@: confused, not resistant to hostile enchantments, extremely unstealthy
A: retaliatory headbutt, horns 2
a: Renounce Religion


You were on level 4 of the Dungeon.
You worshipped Okawaru.
Okawaru was noncommittal.
You were not hungry.

You visited 2 branches of the dungeon, and saw 5 of its levels.

You collected 123 gold pieces.

Inventory:

Hand Weapons
 a - a +0 war axe (weapon)
Armour
 b - a +0 scale mail (worn)
 c - a +0 shield (worn)
 m - a +0 pair of gloves (worn)
Jewellery
 f - a cursed ring of protection from cold (left hand)
 i - an uncursed ring of protection from fire {unknown}
Wands
 p - a wand of enslavement (2)
Scrolls
 k - a scroll of identify {unknown}
 n - a scroll of fog {unknown}
 q - a scroll of random uselessness {unknown}
 s - a scroll of enchant armour {unknown}
Potions
 d - a potion of might
 e - 3 potions of cancellation {unknown}
 g - 2 potions of mutation {unknown}
 j - 2 potions of haste {unknown}
 l - a potion of agility {unknown}
 o - a potion of heal wounds {unknown}
 r - a potion of lignification {unknown}
 t - a potion of curing {unknown}
Comestibles
 h - 2 meat rations
 u - 3 fruits
 w - a bread ration


   Skills:
 - Level 3.6 Fighting
 + Level 10.7 Axes
 - Level 3.6 Armour
 - Level 3.6 Shields


You had 6 spell levels left.
You didn't know any spells.

Dungeon Overview and Level Annotations

Branches:
Dungeon (4/15)             Temple (1/1) D:4

Altars:
Cheibriados
Dithmenos
Elyvilon
Fedhas
Gozag
Kikubaaqudgha
Makhleb
Okawaru
Qazlal
Ru
Trog
Vehumet
The Shining One

Annotations:
D:4 Crazy Yiuf


Innate Abilities, Weirdness & Mutations

You reflexively headbutt those who attack you in melee.
You have a pair of horns on your head.


Message History

Crazy Yiuf zaps a wand.
You are more confused.
Crazy Yiuf cries, "Lay fast hand!"
Crazy Yiuf zaps a wand.
You resist with some effort.
You see here a mace.
You're too confused to move!
Crazy Yiuf zaps a wand.
You are more confused.
Your shield and scale mail prevent you from hitting Crazy Yiuf.
Crazy Yiuf hits you with a quarterstaff of chaos.
Crazy Yiuf zaps a wand.
You are more confused.
You see here a scorched mace.
Crazy Yiuf hits you but does no damage. Crazy Yiuf hits you but does no damage.
You're too confused to move!
You're too confused to move!
Crazy Yiuf hits you with a quarterstaff of chaos.
* * * LOW HITPOINT WARNING * * *
You are electrocuted!
You die...

########
.......####
#####
..........#
#).@#
..........#
#)g.#
#.........#
#...#
###>......#
##'##
#.........#
♣)♣♣
#...†.....#
♣♣)♣
#......##.#
♣.♣♣
......#
#.........#
♣♣.♣
#......#
#.........#
♣♣.♣♣
#......#.


You could see Crazy Yiuf.

Vanquished Creatures
  Grinder (D:4)
  Sigmund (D:3)
  An ice beast (D:3)
  A phantom (D:3)
  Blork the orc (D:4)
  A scorpion (D:4)
  2 worker ants (D:4)
  A hound skeleton (D:4)
  Robin (D:2)
  4 gnolls (D:3)
  5 adders
  An ooze (D:3)
  An adder skeleton (D:3)
  A worm (D:2)
  A giant gecko (D:1)
  An orc (D:3)
  2 ball pythons (D:3)
  14 bats
  5 hobgoblins
  14 jackals
  2 quokkas
  A giant cockroach (D:2)
  A giant gecko skeleton (D:4)
  5 giant newts
  7 goblins (D:2)
  7 kobolds
  5 rats
87 creatures vanquished.

Notes
Turn   | Place    | Note
--------------------------------------------------------------
     0 | D:1      | pk666 the Minotaur Fighter began the quest for the Orb.
     0 | D:1      | Reached XP level 1. HP: 19/19 MP: 0/0
   312 | D:1      | Reached XP level 2. HP: 26/26 MP: 1/1
   845 | D:2      | Reached skill level 4 in Axes
  1042 | D:2      | Noticed Robin
  1045 | D:2      | Reached XP level 3. HP: 31/31 MP: 2/2
  1073 | D:2      | Killed Robin
  1363 | D:2      | Reached skill level 5 in Axes
  1657 | D:2      | Reached XP level 4. HP: 35/39 MP: 3/3
  1980 | D:3      | Found a radiant altar of Vehumet.
  1983 | D:3      | Noticed a phantom
  1986 | D:3      | Noticed Sigmund
  2030 | D:3      | Killed Sigmund
  2030 | D:3      | Reached skill level 7 in Axes
  2030 | D:3      | Reached XP level 5. HP: 9/45 MP: 4/4
  2043 | D:3      | HP: 2/45 [phantom (3)]
  2044 | D:3      | Killed a phantom
  2044 | D:3      | Reached skill level 8 in Axes
  2044 | D:3      | Reached XP level 6. HP: 2/51 MP: 5/5
  2354 | D:3      | Found a shadowy altar of Dithmenos.
  2594 | D:3      | Noticed an ice beast
  2601 | D:3      | Killed an ice beast
  2604 | D:3      | Reached skill level 9 in Axes
  3115 | D:4      | Noticed Grinder
  3123 | D:4      | Killed Grinder
  3123 | D:4      | Reached skill level 10 in Axes
  3123 | D:4      | Reached XP level 7. HP: 46/57 MP: 6/6
  3150 | D:4      | Found a staircase to the Ecumenical Temple.
  3178 | Temple   | Entered the Ecumenical Temple
  3462 | Temple   | Became a worshipper of Warmaster Okawaru
  3512 | D:4      | Noticed Blork the orc
  3530 | D:4      | Killed Blork the orc
  3906 | D:4      | Noticed Crazy Yiuf
  3933 | D:4      | Slain by Crazy Yiuf

Vault maps used:
D:1:      erik_arrival_cave_to_civilisation, kennysheep_minor_cross
D:2:      uniq_robin
D:3:      vehumet_crystals, overflow_temple_1_default, uniq_sigmund
D:4:      minmay_temple_entry_hall, uniq_crazy_yiuf_cottage, uniq_grinder,
          uniq_blork_the_orc
Temple:   triangle_lava_temple_11

Action                   |  1- 3 |  4- 6 |  7- 9 || total
-------------------------+-------+-------+-------++-------
Melee: War axe           |    87 |   124 |    40 ||   251
  Eat: Bread ration      |     2 |       |       ||     2
       Chunk             |     1 |       |       ||     1
